 Dungeon Crawl Stone Soup version 0.29.1-2-gbd0b4ee654 (webtiles) character file.

Game seed: 10507043855932615478

128 GorkyZ the Twirler (level 5, 0/40 HPs)
             Began as a Formicid Gladiator on Nov 21, 2022.
             Splashed by a jelly's acid (11 damage)
             ... on level 7 of the Dungeon.
             The game lasted 00:08:30 (3328 turns).

GorkyZ the Twirler (Formicid Gladiator)             Turns: 3328, Time: 00:08:30

Health: 0/40       AC:  2    Str: 20    XL:     5   Next: 33%
Magic:  7/7        EV:  8    Int:  8    God:
Gold:   202        SH:  0    Dex: 15    Spells: 7/7 levels left

rFire   . . .      SeeInvis +   a - +0 quarterstaff
rCold   . . .      Faith    .   (no shield)
rNeg    . . .      Spirit   .   n - +0 chain mail
rPois   .          Reflect  .   (helmet unavailable)
rElec   .          Harm     .   (no cloak)
rCorr   .          Rampage  .   w - +0 pair of gloves
Will    .....                   q - +0 pair of boots
Stlth   ..........              (no amulet)
HPRegen 0.13/turn               (no ring)
MPRegen 0.10/turn               (no ring)

@: corroded
A: permanent stasis, dig shafts and tunnels, antennae 3, four strong arms
a: Dig, Shaft Self


You were on level 7 of the Dungeon.
You visited 1 branch of the dungeon, and saw 5 of its levels.

You collected 202 gold pieces.

Inventory:

Hand Weapons
 a - a +0 quarterstaff (weapon)
 m - a +0 hand axe
Missiles
 c - a throwing net (quivered)
 d - a javelin
 j - 5 silver javelins
 r - 9 poisoned darts
Armour
 b - a +0 leather armour
 h - a +0 scale mail
 n - a +0 chain mail (worn)
 q - a +0 pair of boots (worn)
 w - a +0 pair of gloves (worn)
Jewellery
 B - an amulet of faith
Wands
 y - a wand of polymorph (5)
Scrolls
 k - a scroll of fear {unknown}
 l - a scroll of magic mapping {unknown}
 o - 2 scrolls of identify {unknown}
 p - a scroll of vulnerability {unknown}
 s - a scroll of poison {unknown}
 v - a scroll of immolation {unknown}
 x - a scroll of enchant armour {unknown}
 z - a scroll of teleportation {unknown}
Potions
 e - 2 potions of curing {unknown}
 f - 2 potions of might {unknown}
 g - 3 potions of invisibility {unknown}
 i - 4 potions of degeneration {unknown}
 t - 2 potions of flight {unknown}
 u - a potion of berserk rage {unknown}
 A - a potion of mutation {unknown}
 C - a potion of heal wounds {unknown}
 D - a potion of brilliance {unknown}


   Skills:
 + Level 2.9 Fighting
 - Level 3.0 Staves
 + Level 2.6 Throwing
 + Level 1.7 Armour
 - Level 2.6 Dodging
 + Level 2.4 Shields
 + Level 1.7 Spellcasting
 + Level 1.6 Evocations


You had 7 spell levels left.
You didn't know any spells.
Your spell library contained the following spells:

 Spells                   Type           Power      Damage    Failure   Level
 Apportation              Tloc           0%         N/A       99%         1
 Necrotise                Necr           0%         1d4       99%         1
 Summon Small Mammal      Summ           0%         N/A       99%         1
 Call Canine Familiar     Summ           0%         N/A       100%        3
 Gell's Gravitas          Tloc           0%         N/A       100%        3
 Lesser Beckoning         Tloc           0%         N/A       100%        3
 Summon Guardian Golem    Hex/Summ       0%         N/A       100%        3
 Teleport Other           Tloc           0%         N/A       100%        3


Dungeon Overview and Level Annotations

Branches:
Dungeon (4/15)
 Temple: D:4-7

Altars:

Annotations:
D:3 2 transporters, Quickbrownfox's ghost, amateur DsIE
D:4 1 transporter


Innate Abilities, Weirdness & Mutations

You cannot be hasted, slowed, berserked, paralysed or teleported.
You can dig through walls and to a lower floor.
You have a pair of large antennae on your head. (SInv)
Your four strong arms can wield two-handed weapons with a shield.


Message History

The phantom hits you.
* * * LOW HITPOINT WARNING * * *
You barely miss the phantom.
The phantom is almost destroyed.
The phantom hits you but does no damage.
Are you sure you want to shaft yourself?
The phantom hits you.
* * * LOW HITPOINT WARNING * * *
You begin to dig a shaft.
You continue digging a shaft.
The phantom hits you.
* * * LOW HITPOINT WARNING * * *
A shaft appears beneath you!
You fall into a shaft and drop 3 floors!
The shaft crumbles and collapses.
You start resting.
HP restored.
A jelly comes into view.
The jelly quivers.
The jelly barely misses you.
You hit the jelly. The acid corrodes you!
Your hands burn!
The jelly is moderately wounded.
The jelly hits you but does no damage.
You hit the jelly but do no damage.
Your hands burn!
The jelly is moderately wounded.
The jelly hits you but does no damage.
You hit the jelly but do no damage.
Your hands burn!
The jelly is moderately wounded.
The jelly barely misses you.
You hit the jelly but do no damage.
Your hands burn!
The jelly is moderately wounded.
The jelly hits you. The acid corrodes you!
You are splashed with acid!
You hit the jelly.
Your hands burn!
The jelly is moderately wounded.
The jelly hits you but does no damage.
You barely miss the jelly.
The jelly is moderately wounded.
The jelly hits you.
* * * LOW HITPOINT WARNING * * *
You are splashed with acid!
You die...

# #
#. .#
J# #.
.###.
...
#.#
#J#
#@#
#.#
#.#
#.#
#.#
###.#
#.#.#
#..#
##.#


You could see a jelly.

Vanquished Creatures
  3 gnolls (D:4)
  3 adders
  2 worms
  A dart slug (D:4)
  8 bats
  9 endoplasms
  3 giant cockroaches
  3 goblins
  4 hobgoblins
  4 jackals (D:2)
  2 kobolds
  A quokka (D:2)
  6 ball pythons
  2 frilled lizards
  13 rats
64 creatures vanquished.

Vanquished Creatures (others)
  2 fungi (D:2)
  7 plants
9 creatures vanquished.

Grand Total: 73 creatures vanquished

Notes
Turn   | Place    | Note
-------+----------+-------------------------------------------
     0 | D:1      | GorkyZ the Formicid Gladiator began the quest for the Orb.
     0 | D:1      | Reached XP level 1. HP: 16/16 MP: 1/1
   197 | D:1      | Reached XP level 2. HP: 21/22 MP: 2/2
   851 | D:2      | Reached skill level 1 in Shields
   913 | D:2      | Reached skill level 1 in Armour
   961 | D:2      | Reached XP level 3. HP: 28/28 MP: 3/3
  1180 | D:2      | Reached skill level 1 in Spellcasting
  1180 | D:2      | Reached skill level 1 in Evocations
  1385 | D:2      | Reached XP level 4. HP: 34/34 MP: 5/5
  1412 | D:2      | Found a faded altar of an unknown god.
  2125 | D:3      | Identified the +8 halberd "Plog" {vamp, rF+}
  2216 | D:3      | Found a transporter.
  2222 | D:3      | Found a transporter.
  2320 | D:3      | Noticed Quickbrownfox's ghost (amateur DsIE)
  2829 | D:4      | Found a transporter.
  2952 | D:4      | Reached XP level 5. HP: 38/39 MP: 7/7
  2996 | D:4      | Noticed a phantom
  3029 | D:4      | You fall into a shaft and drop 3 floors!
  3328 | D:7      | Splashed by a jelly's acid

Illustrated notes

Levels and vault maps discovered:
D:1:      lemuel_arrival_tunnels, layout_basic, chequers_serial_rivers_micro_e
D:2:      layout_basic, dreamdust_ecumenical_altar_grove, minmay_misc_feat_tiny,
          minmay_rat_gold_closets
D:3:      layout_basic, gammafunk_ghost_gnarly_gnolls
D:4:      gammafunk_steamed_eel, layout_basic
D:7:      layout_loops_ring, corexii_corridor_pit, uniq_joseph

Skill      XL: |  1  2  3  4 |
---------------+-------------+-----
Shields        | 1 2 |  2.4
Armour         | 1 |  1.7
Spellcasting   | 1 |  1.7
Evocations     | 1 |  1.6
Fighting       | |  2.9
Staves         | |  3.0
Throwing       | |  2.6
Dodging        | |  2.6

Action                   |  1- 3 |  4- 6 || total
-------------------------+-------+-------++-------
Melee: Quarterstaff      |    79 |   104 ||   183
Throw: Throwing net      |       |     2 ||     2
 Abil: Shaft Self        |       |     1 ||     1
 Stab: Held in net/web   |       |     1 ||     1
Armor: Leather armour    |     2 |       ||     2
       Scale mail        |    25 |       ||    25
       Chain mail        |     1 |    54 ||    55
Dodge: Dodged            |    39 |    39 ||    78
